AoeStats
← 南瓜小公主

Lombardia

509852139Analyzed
3v3 RM · 3d ago on Sep 28, 2026· 44m 51s· 6 players
Game mode
Random Map
Map size
Normal (6 player)
Population
200
Speed
Normal
Resources
Standard
Victory
Conquest
Starting age
Dark Age
Ending age
Imperial Age
RankedLock teamsTeams togetherTeam positionsShared explorationLock speedFull tech treeHidden civsTurbo modeCheats
Victory
Defeat
🇪🇸 Slavs · Spain
910
+15
🇹🇼 Aztecs · Taiwan
904
+15
🇪🇸 Persians · Spain
881
+16
🇬🇧 Britons · United Kingdom
924
-16
🇨🇦 Franks · Canada
892
-16
🇬🇧 Varangians · United Kingdom
862
-14
old school
3:27 Loom
10:50 Feudal Age
17:49 Castle Age
15:54 Horse Collar
16:30 Double-Bit Axe
17:11 Gold Mining
24:46 Bow Saw
26:11 Heavy Plow
27:55 Wheelbarrow
30:15 Imperial Age
28:38 Gold Shaft Mining
28:53 Bloodlines
28:44 Husbandry
29:39 Forging
29:35 Scale Barding Armor
31:16 Iron Casting
31:49 Hand Cart
32:11 Chain Barding Armor
31:54 Town Watch
33:29 Crop Rotation
34:34 Blast Furnace
33:51 Caravan
37:43 Plate Barding Armor
37:28 Elite War Elephant
38:46 Town Patrol
南瓜小公主
0:29 Loom
10:52 Feudal Age
12:40 Wheelbarrow
12:19 Double-Bit Axe
12:43 Gold Mining
15:57 Forging
15:49 Scale Mail Armor
16:32 Horse Collar
17:29 Stone Mining
22:25 Castle Age
21:31 Town Watch
23:42 Squires
24:20 Iron Casting
24:03 Hand Cart
23:53 Heavy Plow
25:12 Chain Mail Armor
29:01 Bow Saw
29:31 Treadmill Crane
29:46 Murder Holes
30:02 Fortified Wall
29:47 Fletching
30:47 Gold Shaft Mining
30:48 Stone Shaft Mining
30:50 Eagle Warrior
34:52 Imperial Age
32:45 Ballistics
34:19 Caravan
34:49 Coinage
34:21 Bodkin Arrow
35:40 Fervor
35:31 Eagle Warrior
36:15 Pikeman
41:33 Conscription
41:34 Garland Wars
41:53 Elite Eagle Warrior
44:39 Chemistry
43:26 Arrowslits
44:44 Blast Furnace
44:15 Plate Mail Armor
43:45 Bracer
44:27 Banking
Dagobert
11:49 Feudal Age
11:21 Loom
16:20 Castle Age
14:14 Double-Bit Axe
18:20 Bow Saw
19:41 Wheelbarrow
21:37 Horse Collar
22:31 Hand Cart
24:09 Detinets
24:42 Gold Mining
26:00 Fletching
26:49 Heavy Plow
30:41 Gold Shaft Mining
30:22 Bodkin Arrow
30:53 Ballistics
30:36 Murder Holes
30:35 Stone Mining
35:21 Imperial Age
33:53 Scale Mail Armor
34:08 Man-at-Arms
34:13 Pikeman
35:28 Chain Mail Armor
35:24 Forging
35:02 Long Swordsman
35:59 Masonry
35:59 Squires
36:27 Two-Handed Swordsman
37:58 Iron Casting
37:55 Plate Mail Armor
38:29 Two-Man Saw
37:49 Capped Ram
38:35 Druzhina
40:17 Blast Furnace
38:45 Champion
38:53 Siege Ram
39:43 Siege Engineers
41:13 Halberdier
hoaxkey
8:24 Loom
10:52 Feudal Age
11:30 Double-Bit Axe
22:01 Castle Age
25:35 Fletching
25:46 Padded Archer Armor
28:51 Bodkin Arrow
31:55 Leather Archer Armor
37:41 Imperial Age
35:36 Crossbowman
38:18 Bow Saw
38:04 Gold Mining
ᅚᅚ
2:28 Loom
12:43 Feudal Age
14:21 Double-Bit Axe
21:01 Castle Age
22:16 Scale Barding Armor
22:34 Bow Saw
22:32 Husbandry
28:11 Forging
28:48 Gold Mining
30:04 Chain Barding Armor
34:58 Imperial Age
33:37 Fletching
34:26 Iron Casting
34:56 Bodkin Arrow
36:16 Wheelbarrow
35:21 Cavalier
39:48 Paladin
Hunter-1260
14:59 Feudal Age
16:06 Double-Bit Axe
17:00 Wheelbarrow
20:52 Castle Age
24:23 Forging
25:18 Husbandry
27:33 Scale Barding Armor
28:33 Fletching
30:22 Gold Mining
31:09 Horse Collar
32:12 Bow Saw
35:31 Heavy Plow
37:53 Treadmill Crane
39:17 Bodkin Arrow
40:43 Ballistics
40:35 Masonry
41:27 Padded Archer Armor
43:38 Hand Cart
43:36 Murder Holes
Connection lost

Rejoining the realm…

Still unreachable

The connection could not be restored.

Session expired

The server has moved on; the page needs a fresh start.